← All builds
Front / Armada / Economy first / OBSERVED BUILD

Gauntlet defence

Front builds a Gauntlet by around 5:30, well before the norm, to anchor a defensive line at middle while the economy develops, backing it later with Rattlesnake and more Gauntlets.

#defence #artillery · 84 distinct matches · 44 players · 6% of Armada Front games · team won 56% of 86 · Recently observed

THE CATCH, AND WHAT COMES WITH IT
  • GauntletEarly defence from 5:31 · 8% of role by thenOnly 8% of Front games have it by then; others who build it get it around 11:14

Where those units first fight, in 72 games with kill data: in the middle 100%.

Those units destroy a typical 620 metal of enemy units by 15:00.

Then transitions into rocketeer (12% of army), blitz (12% of army), Rattlesnake (9% of army).

HOW TO PLAY IT

Key timing: Gauntlet by 5:34

  1. Open double mex and wind into a Vehicle Plant for the usual eco-first start.
  2. Add Beamer and defensive turf like Dragon's Teeth while eco grows.
  3. Commit early to a Gauntlet well ahead of the normal timing.
  4. Bring Rattlesnake into the mix to hold the defensive line at middle.
  5. Transition into T2 constructor once the line is anchored.

Phase by phase

TYPICAL OF ITS 84 GAMES · AGAINST STANDARD FRONT
  1. 1
  2. 2
  3. 3
PLAY THE OPENING

Follow the example game's first 6:32 step by step: what to build now, what comes next, and where it goes. At 1× it keeps pace with your own game.

  1. 1

    Up to the Bot Lab

    Economy
    • Metal Extractor2Mex
    • Wind Turbine1Wind
    Order
    1. Bot LabBot Lab after 3 mex, 1 winddone ~0:45, middle half 0:39–0:55

    Some games also: Vehicle Plant (41%)

    By 0:28 in all: 2 mex · 1 wind

    The example game in this phase · 3 steps
    1. Mex ×2
    2. Solar
    3. Vehicle PlantVehicle Plantdone 0:44 · typical 0:47
  2. 2

    Bot Lab to Early defence

    Economy
    • Metal Extractor4Mex
    • Wind Turbine4Wind−2 vs standard
    Order
    1. GauntletEarly defence after 6 mex, 7 wind, 1 con turretdone ~6:37, middle half 6:07–7:10
    Builders
    • Construction Bot2 Con bot +2 vs standard
    Army
    • Sentry2 Sentry
    • Rocketeer3 Rocketeer +3 vs standard

    Some games also: tick (49%) · con turret (48%) · Lazarus (45%) · centurion (42%) · Radar Tower (36%)

    The standard build makes here, this one skips: 2 con vehicle · 3 janus

    By 5:31 in all: 6 mex · 8 wind · 1 con turret

    The example game in this phase · 35 steps
    1. RoverScout ×3
    2. BlitzBlitz
    3. Mex
    4. Windfor Pond
    5. BlitzBlitz
    6. Windfor Pond
    7. Wind
    8. BlitzBlitz ×2
    9. Construction VehicleCon vehicle
    10. JanusJanus
    11. Mex
    12. Construction VehicleCon vehicle
    13. Mex
    14. JanusJanus
    15. Mex
    16. Construction VehicleCon vehicle
    17. Wind
    18. JanusJanus
    19. Wind
    20. JanusJanus
    21. Wind
    22. WhistlerMissile truck ×2
    23. Wind
    24. Construction VehicleCon vehicle
    25. Wind
    26. Dragon's TeethDragon's Teeth
    27. JanusJanus
    28. Dragon's TeethDragon's Teeth ×6
    29. Wind
    30. JanusJanus
    31. Mex
    32. Wind
    33. Construction VehicleCon vehicle
    34. Wind ×3
    35. GauntletGauntletdone 5:52 · typical 6:37
  3. 3

    Early defence to 10:00

    Economy
    • Metal Extractor1Mex
    • Wind Turbine17Wind
    Builders
    • Construction Turret2 Con turret

    Some games also: energy storage (50%) · Dragon's Teeth (47%) · Beamer (45%) · converter (40%) · Sentry (38%)

    The standard build makes here, this one skips: 2 blitz

    By 10:00 in all: 7 mex · 27 wind · 1 energy storage · 4 con turret

    The example game in this phase · 126 steps
    1. Wind
    2. Construction VehicleCon vehicle
    3. Wind ×2
    4. GauntletGauntlet
    5. Energy storage
    6. Wind ×5
    7. Dragon's TeethDragon's Teeth ×2
    8. Wind
    9. Dragon's TeethDragon's Teeth ×2
    10. Sneaky PeteSneaky Pete
    11. Dragon's TeethDragon's Teeth ×3
    12. Wind
    13. Dragon's TeethDragon's Teeth
    14. Wind
    15. Dragon's TeethDragon's Teeth ×2
    16. Wind
    17. Dragon's TeethDragon's Teeth
    18. Con turret ×2
    19. Mex
    20. SentrySentry
    21. Wind ×2
    22. SentrySentry
    23. Wind ×2
    24. Advanced Metal ExtractorT2 mexdone 8:33 · typical 9:10
    25. Wind ×2
    26. Energy storage
    27. Advanced Metal ExtractorT2 mex
    28. Radar TowerRadar Tower
    29. Advanced Metal ExtractorT2 mex
    30. Radar TowerRadar Tower
    31. SentrySentry ×2
    32. Advanced Metal ExtractorT2 mex
    33. HarpoonHarpoon
    34. Advanced Metal ExtractorT2 mex
    35. Con turret
    36. Advanced Metal ExtractorT2 mex
    37. Con turret ×2
    38. Wind ×8
    39. Con turret
    40. Wind ×3
    41. Con turret
    42. Wind
    43. Mex
    44. Wind ×6
    45. Naval Radar / Sonar TowerNaval Radar / Sonar Tower
    46. Wind ×5
    47. Con turret
    48. Wind ×2
    49. HarpoonHarpoon
    50. Wind ×2
    51. Con turret
    52. Wind
    53. RattlesnakeRattlesnakedone 12:57
    54. Wind ×9
    55. ShipyardShipyarddone 11:59
    56. Wind ×5
    57. SkaterSkater
    58. Wind ×2
    59. EllysawFrigate
    60. Wind ×2
    61. EllysawFrigate
    62. Wind ×4
    63. EllysawFrigate
    64. Wind
    65. EllysawFrigate
    66. Con turret
    67. Wind ×4
    68. EllysawFrigate
    69. Wind ×3
    70. EllysawFrigate
    71. Wind ×4
    72. EllysawFrigate
    73. Wind
    74. Converter
    75. Wind ×2
    76. SentrySentry
    77. SkaterSkater
    78. Converter
    79. Wind ×2
    80. SkaterSkater ×2
    81. Wind ×2
    82. SentrySentry
    83. SkaterSkater
    84. Wind
    85. Converter
    86. SkaterSkater
    87. Wind
    88. CorsairDestroyerdone 13:33
    89. Wind ×4
    90. Converter
    91. SentrySentry
    92. EllysawFrigate
    93. Wind ×2
    94. EllysawFrigate
    95. Converter
    96. CorsairDestroyer
    97. Wind
    98. Dragon's TeethDragon's Teeth ×2
    99. Wind
    100. Converter
    101. Dragon's TeethDragon's Teeth ×2
    102. Wind
    103. Dragon's TeethDragon's Teeth
    104. SentrySentry
    105. Converter
    106. Wind ×2
    107. CorsairDestroyer
    108. Wind
    109. Converter
    110. Wind ×3
    111. Converter
    112. SkaterSkater
    113. Wind
    114. CorsairDestroyer
    115. Wind ×2
    116. Converter
    117. SentrySentry
    118. Wind
    119. Grim ReaperGrim Reaper
    120. Wind ×2
    121. Converter
    122. Grim ReaperGrim Reaper
    123. Converter
    124. Wind
    125. SentrySentry
    126. Wind

Counts are medians over the build's games: half of them build more, half fewer. The example game is Leohvm's (50 OS, 12/09/2026); pick another.

Team trades

IN AT LEAST 30% OF ITS GAMES

You hand over

Nothing regular.

You get

  • Tidal Generator4 Tidal from Pondfirst at 0:19 · in 79% of games
  • Advanced Construction Bot1 T2 con bot from Geo or Techfirst at 7:23 · in 63% of games

How it plays out

Typical game of this build against the role’s standard build, running totals by minute

  • This build
  • Standard front

Metal produced

010k20k30k
0:005:0010:0015:00

metal

Enemy metal destroyed

05k10k
0:005:0010:0015:00

metal

Own metal lost

05k10k
0:005:0010:0015:00

metal

86 games.

Show as table
ByMetal produced: This buildMetal produced: Standard frontEnemy metal destroyed: This buildEnemy metal destroyed: Standard frontOwn metal lost: This buildOwn metal lost: Standard front
1:003333330000
2:0086284629213131
3:0016571624127140109105
4:0027052712435540302333
5:00387938688501188593813
6:00509650761444209910881526
7:00633763141987298417222459
8:00762976622705387122953365
9:00906090873544463228574312
10:0010927106663958530833545060
11:0013153126084497581943315701
12:0015864148155115631355116521
13:0018984174405686698165067256
14:0022200201836548758475798093
15:0025798226307050839486268939
WHAT THE NUMBERS SAY

Won less often than the standard build and destroyed noticeably less enemy metal, despite pulling ahead in metal produced by 15:00.

  • + Metal produced by 15:00 clearly ahead (23942 vs 22219)
  • + Own metal lost by 15:00 about even (8933 vs 8949)
  • − Team win rate below standard (51% vs 61%)
  • − Enemy metal destroyed by 15:00 well behind (6999 vs 8347)
THE EXAMPLE YOU ARE READING

Leohvm

49.9 OS · 12/09/2026

Open source match ↗

6 received units · includes a constructor
85 metal received · 76486 energy received

Allied construction assistance is unknown. Timings are observations, not a promise of solo reproducibility.

Typical milestones

Bot Lab0:45Middle 50%: 0:39–0:55 · n=57
Vehicle Plant0:47Middle 50%: 0:41–1:00 · n=54
Gauntlet6:37Middle 50%: 6:07–7:10 · n=72
Advanced Metal Extractor9:10Middle 50%: 8:15–10:41 · n=69

Played most by

Leohvm12games of this buildDRM7games of this buildCentientWaffle4games of this buildGodmother134games of this buildarmjanus3games of this build